 Dungeon Crawl Stone Soup version 0.25.1-2-g60ff931df9 (webtiles) character file.

Game seed: 14758990621758747186

363 funkygono the Firebug (level 6, 0/42 HPs)
             Began as a Demonspawn Fire Elementalist on Oct 4, 2020.
             Succumbed to an orc wizard's poison
             ... on level 3 of the Dungeon.
             The game lasted 00:09:22 (3817 turns).

funkygono the Firebug (DsFE)                        Turns: 3817, Time: 00:09:22

Health: 0/42       AC:  8    Str:  9    XL:     6   Next: 39%
Magic:  4/11       EV: 13    Int: 18    God:
Gold:   132        SH:  0    Dex: 13    Spells: 2/11 levels left

rFire    . . .     SeeInvis .   i - +1 whip (pain)
rCold    + . .     Gourm    .   (no shield)
rNeg     . . .     Faith    .   a - +0 robe
rPois    .         Spirit   .   (helmet restricted)
rElec    .         Reflect  .   (no cloak)
rCorr    .         Harm     .   (no gloves)
MR       .....                  (no boots)
Stlth    ++........             (no amulet)
HPRegen  0.14/turn              (no ring)
MPRegen  0.12/turn              (no ring)

@: lethally poisoned (0 -> -20), sanguine armour, hasted, very quick
A: antennae 1, cold resistance 1, freezing cloud immunity, sanguine armour 1
a: no special abilities


You were on level 3 of the Dungeon.
You were hungry.

You visited 1 branch of the dungeon, and saw 3 of its levels.

You collected 132 gold pieces.

Inventory:

Hand Weapons
 i - a +1 whip of pain (weapon)
Missiles
 g - 96 stones (quivered)
Armour
 a - a +0 robe (worn)
Wands
 j - a wand of random effects (19)
Scrolls
 b - a scroll of enchant armour {unknown}
 d - 2 scrolls of teleportation
 e - 3 scrolls of remove curse
 k - 2 scrolls of identify
Potions
 f - a potion of brilliance
Comestibles
 c - 4 rations
 l - 2 chunks of flesh


   Skills:
 + Level 0.4 Fighting
 + Level 0.5 Maces & Flails
 + Level 2.4 Dodging
 + Level 2.7 Stealth
 + Level 0.3 Unarmed Combat
 + Level 3.4 Spellcasting
 + Level 3.2 Conjurations
 + Level 4.1 Fire Magic


You had 2 spell levels left.
You knew the following spells:

 Your Spells              Type           Power        Failure   Level  Hunger
a - Foxfire               Conj/Fire      ###.         3%          1    None
b - Inner Flame           Hex/Fire       ##......     21%         3    ###....
c - Fireball              Conj/Fire      ###.......   67%         5    ######.

Your spell library contained the following spells:

 Spells                   Type           Power        Failure   Level  Hunger
 Conjure Flame            Conj/Fire      ###.....     11%         3    ###....
 Sticky Flame             Conj/Fire      ###.....     34%         4    ####...


Dungeon Overview and Level Annotations

Branches:
Dungeon (3/15)

Altars:
Xom


Innate Abilities, Weirdness & Mutations

You have a pair of small antennae on your head.
Your flesh is cold resistant. (rC+)
You are immune to freezing clouds.
When seriously injured, your bleeding wounds create armour. (AC +6)


Message History

You feel yourself speed up.
* * * LOW HITPOINT WARNING * * *
You feel sick. Something hits you but does no damage.
You are more poisoned.
You hear some strange, mumbled words.
A puff of frost appears from out of thin air!
The puff of frost misses you.
* * * LOW HITPOINT WARNING * * *
You feel sick.
* * * LOW HITPOINT WARNING * * *
You feel sick.
* * * LOW HITPOINT WARNING * * *
You feel sick.
You hear some strange, mumbled words.
A puff of frost appears from out of thin air!
The puff of frost hits you. You resist.
* * * LOW HITPOINT WARNING * * *
* * * LOW HITPOINT WARNING * * *
You feel sick.
You die...

#.#.# #. #+#
#.###.#g# ######.
#.# #.....g.#
#.<.... #.#
#####o### #.#####
##.#########.#
#รท#####
##..).......#{#
#.##...
#.....###.#.#.#
#.##.## ##...##
#.#.#.# #......
######..####.#.#@#
####.#.
............(....#
#.#.
######..####.#.###
#.## #..# #.#.#
#.# #^.####.#.#
#.## #.........#
######.>.
#####)#########
#........#
##...).######
#.######.#
............. #.#


You could see an orc and a goblin.

Vanquished Creatures
  Sigmund (D:2)
  An orc wizard (D:3)
  Robin (D:2)
  5 adders
  6 gnolls (D:3)
  An ooze (D:3)
  3 worms
  3 dart slugs
  2 orcs (D:3)
  A ball python (D:3)
  A giant cockroach (D:3)
  6 goblins
  7 hobgoblins
  A jackal (D:3)
  A quokka (D:3)
  5 bats
  4 frilled lizards
  6 kobolds
  4 rats
  A butterfly (D:2)
60 creatures vanquished.

Vanquished Creatures (others)
  177 foxfires
177 creatures vanquished.

Grand Total: 237 creatures vanquished

Notes
Turn   | Place    | Note
-------+----------+-------------------------------------------
     0 | D:1      | funkygono the Demonspawn Fire Elementalist began the quest
                  | for the Orb.
     0 | D:1      | Reached XP level 1. HP: 13/13 MP: 3/3
   319 | D:1      | Reached skill level 3 in Fire Magic
   319 | D:1      | Gained mutation: When seriously injured, your bleeding
                  | wounds create armour. (AC +6) [demonic ancestry]
   319 | D:1      | Reached XP level 2. HP: 19/19 MP: 1/5
   850 | D:2      | Gained mutation: You have a pair of small antennae on your
                  | head. [demonic ancestry]
   850 | D:2      | Reached XP level 3. HP: 16/24 MP: 1/6
  1106 | D:2      | Noticed Robin
  1127 | D:2      | HP: 1/24 [Robin/+1 whip of pain (5)]
  1324 | D:2      | Killed Robin
  1600 | D:2      | Found a shimmering altar of Xom.
  1737 | D:2      | Reached XP level 4. HP: 18/30 MP: 3/7
  1880 | D:2      | Learned a level 3 spell: Inner Flame
  1989 | D:2      | Noticed Sigmund
  2071 | D:2      | Killed Sigmund
  2071 | D:2      | Gained mutation: Your flesh is cold resistant. (rC+)
                  | [demonic ancestry]
  2071 | D:2      | Reached XP level 5. HP: 3/36 MP: 2/9
  2415 | D:2      | Learned a level 5 spell: Fireball
  2593 | D:3      | HP: 1/36 [rat/exploding inner flame[the player character]
                  | (31)]
  3336 | D:3      | Gained mutation: You are immune to freezing clouds.
                  | [demonic ancestry]
  3336 | D:3      | Reached XP level 6. HP: 42/42 MP: 7/11
  3343 | D:3      | Reached skill level 4 in Fire Magic
  3815 | D:3      | HP: 2/42 [something/puff of frost (2)]
  3817 | D:3      | Succumbed to an orc wizard's poison

Illustrated notes

Levels and vault maps discovered:
D:1:      saegor_arrival_simple_b, layout_rooms
D:2:      layout_loops_ring, xom_butterflies, chequers_serial_rivers_micro_a,
          kennysheep_generic_room_11, uniq_robin, uniq_sigmund
D:3:      layout_loops_corners, first_ration

Skill      XL: |  1  2  3  4  5  6 |
---------------+-------------------+-----
Fire Magic     | 3 4 |  4.1
Stealth        | 2 |  2.7
Dodging        | 2 |  2.4
Spellcasting   | 3 |  3.4
Conjurations   | 2 3 |  3.2
Fighting       | |  0.4
Maces & Flails | |  0.5
Unarmed Combat | |  0.3

Action                   |  1- 3 |  4- 6 || total
-------------------------+-------+-------++-------
Melee: Unarmed           |    13 |       ||    13
       Whip              |     9 |    26 ||    35
 Cast: Foxfire           |    50 |    69 ||   119
       Inner Flame       |       |     1 ||     1
  Use: Scroll            |     4 |     2 ||     6
       Potion            |     1 |     2 ||     3
 Stab: Sleeping          |     1 |     1 ||     2
  Eat: Chunk             |     3 |     6 ||     9
Armor: Robe              |     8 |    15 ||    23
Dodge: Dodged            |    23 |    38 ||    61
